Sabres vs Flames

Created - Wednesday, December 16, 2015 at 02:28

Goals
1 2 3 T
Sabres 3 0 1 4
Flames 0 0 0 0
Shots
1 2 3 T
Sabres 10 6 12 28
Flames 10 13 7 30

1st period

1. Sabres , Blake Wheeler 14 (Ryan Kesler, Benoit Pouliot) at 2:18 (PP)
2. Sabres , Sidney Crosby 17 (Steven Stamkos, Ondrej Pavelec) at 12:02 (PP)
3. Sabres , Sidney Crosby 18 (Steven Stamkos) at 16:40 (PP)

Penalties :
Dougie Hamilton (Cal) for Hooking (Minor) at 1:42, Lance Bouma (Cal) for Roughing (Minor) at 1:53, Blake Wheeler (Buf) for Holding (Minor) at 8:07, Dougie Hamilton (Cal) for Interference (Minor) at 11:30, Reilly Smith (Cal) for Holding Stick (Minor) at 16:33, Steven Stamkos (Buf) for Delaying the game (Minor) at 17:07, Ryan Murray (Cal) for Close Hand On Puck (Minor) at 17:12

2nd period

No Goal

Penalties :
Boyd Gordon (Buf) for Tripping (Minor) at 2:47, Mikael Backlund (Cal) for High sticking (Minor) at 5:45, TJ Brodie (Cal) for Interference (Minor) at 8:50, Sidney Crosby (Buf) for Tripping (Minor) at 9:18, Brooks Orpik (Buf) for Roughing (Minor) at 11:44, David Savard (Cal) for Tripping (Minor) at 19:14

3rd period

4. Sabres , Blake Wheeler 15 (Ryan Kesler) at 4:45 (PP)

Penalties :
Dougie Hamilton (Cal) for Boarding (Minor) at 3:50, Steven Stamkos (Buf) for Tripping (Minor) at 6:29

Goalie Stats

Ondrej Pavelec (Buf), 30 saves from 30 shots - (1.000), W, 11-9-1, 60:00 minutes
Antti Niemi (Cal), 24 saves from 28 shots - (0.857), L, 12-6-3, 60:00 minutes

Players Stats for Sabres

Player Name              G  A  P  +/- PIM S  H  SB GA TA FO     MP     PP MP  PK MP  
------------------------------------------------------------------------------------
Alec Martinez            0  0  0   0  0   1  0  3  0  0  0/0    23:31   4:31   2:28 
Alex Pietrangelo         0  0  0   0  0   2  2  1  2  1  0/0    28:10   4:31   5:33 
Benoit Pouliot           0  1  1   0  0   1  2  0  1  0  1/1    14:24   3:10   1:11 
Blake Wheeler            2  0  2   0  2   5  3  0  4  0  0/1    16:20   3:15   0:09 
Boyd Gordon              0  0  0   0  2   0  0  0  0  0  4/6    10:31   0:00   3:12 
Brooks Orpik             0  0  0   0  2   0  3  2  0  2  0/0    17:38   0:00   4:10 
Chris Higgins            0  0  0   0  0   2  0  0  3  0  0/0    11:19   0:00   4:23 
David Perron             0  0  0   0  0   4  0  0  3  0  0/0    11:29   0:00   0:00 
Dwight King              0  0  0   0  0   1  0  0  0  1  0/1    10:38   0:00   3:57 
Gustav Nyquist           0  0  0   0  0   1  0  0  0  1  0/1    17:40   5:00   0:00 
Jay Bouwmeester          0  0  0   0  0   2  0  2  0  2  0/0    20:42   3:44   2:56 
Matt Stajan              0  0  0   0  0   1  0  1  0  1  4/8     9:53   0:00   0:00 
Nikita Zadorov           0  0  0   0  0   1  1  0  0  1  0/0    11:07   0:00   0:00 
Pierre-Alexandre Parente 0  0  0   0  0   0  1  0  0  0  0/1     9:53   0:00   0:00 
Rasmus Ristolainen       0  0  0   0  0   1  2  2  0  0  0/0    19:17   3:44   1:51 
Ryan Kesler              0  2  2   0  0   1  2  1  0  0  9/16   19:31   3:15   4:06 
Sidney Crosby            2  0  2   0  2   3  0  0  8  0  9/22   18:13   4:59   0:00 
Steven Stamkos           0  2  2   0  4   2  1  0  2  0  0/1    17:39   5:05   0:00 

Players Stats for Flames

Player Name              G  A  P  +/- PIM S  H  SB GA TA FO     MP     PP MP  PK MP  
------------------------------------------------------------------------------------
Aleksander Barkov        0  0  0   0  0   2  1  0  3  0  7/16   14:46   0:00   3:37 
Brian Campbell           0  0  0   0  0   1  1  1  0  1  0/0    24:35   3:52   4:20 
Chris Kunitz             0  0  0   0  0   2  1  0  1  0  0/0     9:59   0:00   0:00 
David Savard             0  0  0   0  2   1  4  2  0  3  0/0    14:18   0:00   2:21 
Dougie Hamilton          0  0  0   0  6   5  2  4  1  2  0/0    23:40   3:52   1:34 
Jaden Schwartz           0  0  0   0  0   1  3  1  1  2  1/2    15:07   4:01   0:00 
Jason Pominville         0  0  0   0  0   0  4  1  1  0  0/0    13:12   4:01   0:00 
Jason Spezza             0  0  0   0  0   1  0  1  1  1  10/15  17:07   4:23   0:00 
John Klingberg           0  0  0   0  0   0  3  1  0  0  0/0    12:52   3:41   0:05 
Johnny Gaudreau          0  0  0   0  0   0  2  0  1  0  0/0    15:42   4:06   0:05 
Lance Bouma              0  0  0   0  2   0  2  1  1  1  0/0    11:49   0:00   3:25 
Martin St. Louis         0  0  0   0  0   6  0  0  3  0  0/1    17:44   4:28   0:00 
Michael Frolik           0  0  0   0  0   1  1  0  0  3  0/0    14:44   0:00   3:35 
Mikael Backlund          0  0  0   0  2   0  0  0  0  0  7/11   11:31   0:00   3:41 
Reilly Smith             0  0  0   0  2   4  0  0  1  0  0/1     9:59   0:00   1:36 
Ryan Murray              0  0  0   0  2   2  0  2  0  5  0/0    20:55   4:36   3:50 
Sean Monahan             0  0  0   0  0   3  1  1  0  0  6/12   15:42   4:06   0:05 
TJ Brodie                0  0  0   0  2   1  0  1  0  3  0/0    23:59   1:18   4:20 

3 Stars

1 - Ondrej Pavelec (Buf)
2 - Blake Wheeler (Buf)
3 - Sidney Crosby (Buf)

Power Play

Sabres - 4 on 9 Attempt(s) - 44.44%
Flames - 0 on 6 Attempt(s) - 0.00%

Penalty Kill

Sabres - 6 on 6 Attempt(s) - 100.00% - Score 0 goal in Penalty Kill
Flames - 5 on 9 Attempt(s) - 55.56% - Score 0 goal in Penalty Kill

Team Stat

Sabres - Hits : 17 - Faceoff Wins : 27 - Blocked Shots : 12 - Penalty Minutes : 12
Flames - Hits : 25 - Faceoff Wins : 31 - Blocked Shots : 16 - Penalty Minutes : 18

Official

Referees : Unknown
Linesman : Unknown

Game Notes

John Klingberg is injured at 16:10 of 2nd period (Sprained Right Knee)

Finance

Level 1 -- Attendance: 5187 (86.45%) -- Ticket Income $425,334
Level 2 -- Attendance: 5000 (100.00%) -- Ticket Income $250,000
Level 3 -- Attendance: 1941 (97.05%) -- Ticket Income $54,348
Level 4 -- Attendance: 3697 (92.43%) -- Ticket Income $55,455
Luxury Box -- Attendance: 961 (96.10%) -- Ticket Income $168,175
Game was played at the Pengrowth Saddledome.
Total Attendance: 16786 (93.26%)
Total Ticket Income: $953,312
Other Income: $467,123
Total Income: $1,420,435

Sabres

5 vs 5 Forward 
   Center                   Left Wing                Right Wing               Time % Phy DF OF 
 1 Sidney Crosby            Gustav Nyquist           Blake Wheeler            35     0   2  3  
 2 Ryan Kesler              Benoit Pouliot           Steven Stamkos           33     0   2  3  
 3 Matt Stajan              David Perron             Pierre-Alexandre Parentea20     1   2  2  
 4 Boyd Gordon              Chris Higgins            Dwight King              12     2   3  0  

5 vs 5 Defense 
   Defense                  Defense                                           Time % Phy DF OF 
 1 Alex Pietrangelo         Brooks Orpik                                      35     1   2  2  
 2 Jay Bouwmeester          Rasmus Ristolainen                                30     1   3  1  
 3 Nikita Zadorov           Alec Martinez                                     25     3   2  0  
 4 Alex Pietrangelo         Alec Martinez                                     10     0   2  3  

PowerPlay Forward 
   Center                   Left Wing                Right Wing               Time % Phy DF OF 
 1 Sidney Crosby            Gustav Nyquist           Steven Stamkos           57     0   0  5  
 2 Ryan Kesler              Benoit Pouliot           Blake Wheeler            43     0   1  4  

PowerPlay Defense
   Defense                  Defense                                           Time % Phy DF OF 
 1 Alex Pietrangelo         Alec Martinez                                     57     0   1  4  
 2 Jay Bouwmeester          Rasmus Ristolainen                                43     1   1  3  

Penalty Kill 4 Players Forward 
   Center                   Wing                     Time % Phy DF OF 
 1 Boyd Gordon              Chris Higgins            50     2   3  0  
 2 Ryan Kesler              Dwight King              50     1   4  0  

Penalty Kill 4 Players Defense
   Defense                  Defense                  Time % Phy DF OF 
 1 Alex Pietrangelo         Brooks Orpik             50     1   3  1  
 2 Jay Bouwmeester          Alec Martinez            50     2   3  0  

Penalty Kill - 3 Players Forward 
   Forward                                           Time % Phy DF OF 
 1 Boyd Gordon                                       50     1   4  0  
 2 Ryan Kesler                                       50     1   4  0  

Penalty Kill - 3 Players Defense
   Defense                  Defense                  Time % Phy DF OF 
 1 Alex Pietrangelo         Brooks Orpik             50     2   2  1  
 2 Jay Bouwmeester          Alec Martinez            50     2   2  1  

4 vs 4 Forward 
   Center                   Wing                     Time % Phy DF OF 
 1 Sidney Crosby            Steven Stamkos           57     0   2  3  
 2 Ryan Kesler              Blake Wheeler            43     1   2  2  

4 vs 4 Defense
   Defense                  Defense                  Time % Phy DF OF 
 1 Alex Pietrangelo         Alec Martinez            57     1   2  2  
 2 Jay Bouwmeester          Rasmus Ristolainen       43     1   2  2  

Last Minutes Offensive
   Center                   Left Wing                Right Wing               Defense                  Defense                  
   Sidney Crosby            Gustav Nyquist           Steven Stamkos           Alex Pietrangelo         Rasmus Ristolainen       

Last Minutes Defensive
   Center                   Left Wing                Right Wing               Defense                  Defense                  
   Ryan Kesler              Chris Higgins            Blake Wheeler            Alex Pietrangelo         Brooks Orpik             

Goaltenders
Starting : Ondrej Pavelec           
Backup : Karri Ramo               

Extra Forwards
Normal : Gustav Nyquist, David Perron, Benoit Pouliot - PP : Blake Wheeler, David Perron - PK : Chris Higgins
Extra Defensemen
Normal : Rasmus Ristolainen, Nikita Zadorov, Alec Martinez - PP : Nikita Zadorov - PK : Rasmus Ristolainen, Nikita Zadorov
Penalty Shots
Sidney Crosby, Steven Stamkos, Gustav Nyquist, Ryan Kesler, Blake Wheeler

Flames

5 vs 5 Forward 
   Center                   Left Wing                Right Wing               Time % Phy DF OF 
 1 Jason Spezza             Jaden Schwartz           Martin St. Louis         30     0   1  4  
 2 Sean Monahan             Johnny Gaudreau          Jason Pominville         25     0   1  4  
 3 Aleksander Barkov        Chris Kunitz             Michael Frolik           25     0   2  3  
 4 Mikael Backlund          Lance Bouma              Reilly Smith             20     1   2  2  

5 vs 5 Defense 
   Defense                  Defense                                           Time % Phy DF OF 
 1 TJ Brodie                John Klingberg                                    35     1   2  2  
 2 Ryan Murray              Dougie Hamilton                                   30     1   2  2  
 3 Brian Campbell           David Savard                                      25     1   2  2  
 4 TJ Brodie                Dougie Hamilton                                   10     1   2  2  

PowerPlay Forward 
   Center                   Left Wing                Right Wing               Time % Phy DF OF 
 1 Jason Spezza             Jaden Schwartz           Jason Pominville         50     0   0  5  
 2 Sean Monahan             Johnny Gaudreau          Martin St. Louis         50     0   0  5  

PowerPlay Defense
   Defense                  Defense                                           Time % Phy DF OF 
 1 Brian Campbell           Dougie Hamilton                                   50     0   1  4  
 2 Ryan Murray              John Klingberg                                    50     0   1  4  

Penalty Kill 4 Players Forward 
   Center                   Wing                     Time % Phy DF OF 
 1 Aleksander Barkov        Michael Frolik           50     0   5  0  
 2 Mikael Backlund          Lance Bouma              50     0   5  0  

Penalty Kill 4 Players Defense
   Defense                  Defense                  Time % Phy DF OF 
 1 TJ Brodie                David Savard             50     0   5  0  
 2 Ryan Murray              Brian Campbell           50     0   5  0  

Penalty Kill - 3 Players Forward 
   Forward                                           Time % Phy DF OF 
 1 Aleksander Barkov                                 50     0   5  0  
 2 Mikael Backlund                                   50     0   5  0  

Penalty Kill - 3 Players Defense
   Defense                  Defense                  Time % Phy DF OF 
 1 TJ Brodie                Brian Campbell           50     0   5  0  
 2 Ryan Murray              David Savard             50     0   5  0  

4 vs 4 Forward 
   Center                   Wing                     Time % Phy DF OF 
 1 Jason Spezza             Martin St. Louis         50     1   2  2  
 2 Sean Monahan             Johnny Gaudreau          50     1   2  2  

4 vs 4 Defense
   Defense                  Defense                  Time % Phy DF OF 
 1 TJ Brodie                Dougie Hamilton          50     1   2  2  
 2 Brian Campbell           John Klingberg           50     1   2  2  

Last Minutes Offensive
   Center                   Left Wing                Right Wing               Defense                  Defense                  
   Jason Spezza             Jaden Schwartz           Martin St. Louis         John Klingberg           Dougie Hamilton          

Last Minutes Defensive
   Center                   Left Wing                Right Wing               Defense                  Defense                  
   Mikael Backlund          Lance Bouma              Michael Frolik           TJ Brodie                David Savard             

Goaltenders
Starting : Antti Niemi              
Backup : James Reimer             

Extra Forwards
Normal : Reilly Smith, Mikael Backlund, Aleksander Barkov - PP : Reilly Smith, Mikael Backlund - PK : Reilly Smith
Extra Defensemen
Normal : Dougie Hamilton, TJ Brodie, Brian Campbell - PP : TJ Brodie - PK : Dougie Hamilton, Brian Campbell
Penalty Shots
Jason Spezza, Sean Monahan, Jason Pominville, Johnny Gaudreau, Martin St. Louis

% Time on Ice - Sabres

Lines # - Real PCT - Wanted PCT - Time Play
Normal Forward
1 - 32% - 35% - 12:45
2 - 29% - 33% - 11:35
3 - 25% - 20% - 9:53
4 - 14% - 12% - 5:38
Normal Defense
1 - 37% - 35% - 14:49
2 - 34% - 30% - 13:28
3 - 28% - 25% - 11:07
4 - 1% - 10% - 0:27
PP Forward
1 - 61% - 57% - 5:00
2 - 39% - 43% - 3:15
PP Defense
1 - 55% - 57% - 4:31
2 - 45% - 43% - 3:44
PK Forward
1 - 52% - 50% - 4:23
2 - 48% - 50% - 4:06
PK Defense
1 - 65% - 50% - 5:33
2 - 35% - 50% - 2:56
PK3 Forward
1 - 0% - 50%
2 - 0% - 50%
PK3 Defense
1 - 0% - 50%
2 - 0% - 50%
44 Forward
1 - 83% - 57% - 2:50
2 - 17% - 43% - 0:35
44 Defense
1 - 83% - 57% - 2:50
2 - 17% - 43% - 0:35
Last Minute Offensive  - 0:00
Last Minute Defensive  - 0:00
Total
Forward - 60:00
Defense - 60:00

% Time on Ice - Flames

Lines # - Real PCT - Wanted PCT - Time Play
Normal Forward
1 - 31% - 30% - 12:16
2 - 25% - 25% - 10:01
3 - 25% - 25% - 9:59
4 - 19% - 20% - 7:35
Normal Defense
1 - 43% - 35% - 17:08
2 - 27% - 30% - 10:52
3 - 25% - 25% - 9:57
4 - 5% - 10% - 1:54
PP Forward
1 - 52% - 50% - 4:23
2 - 48% - 50% - 4:06
PP Defense
1 - 46% - 50% - 3:52
2 - 54% - 50% - 4:37
PK Forward
1 - 46% - 50% - 3:35
2 - 54% - 50% - 4:15
PK Defense
1 - 50% - 50% - 3:55
2 - 50% - 50% - 3:55
PK3 Forward
1 - 8% - 50% - 0:02
2 - 92% - 50% - 0:23
PK3 Defense
1 - 100% - 50% - 0:25
2 - 0% - 50% - 0:00
44 Forward
1 - 48% - 50% - 1:38
2 - 52% - 50% - 1:47
44 Defense
1 - 44% - 50% - 1:30
2 - 56% - 50% - 1:55
Last Minute Offensive  - 0:00
Last Minute Defensive  - 0:00
Total
Forward - 60:00
Defense - 60:00

Play by Play

1st period


0:01 of 1st period - Jason Spezza wins face-off versus Sidney Crosby in neutral zone.
0:10 of 1st period - Alex Pietrangelo is hit by Jaden Schwartz and loses puck.
0:25 of 1st period - Off-side.
0:26 of 1st period - Sean Monahan wins face-off versus Ryan Kesler in neutral zone.
0:29 of 1st period - Rasmus Ristolainen is hit by Johnny Gaudreau and loses puck.
0:52 of 1st period - Jason Pominville is hit by Rasmus Ristolainen and loses puck.
1:40 of 1st period - Snap shot by David Perron.
1:40 of 1st period - Shot Misses the Net.
1:42 of 1st period - Minor Penalty to Dougie Hamilton for Hooking.
1:43 of 1st period - Sidney Crosby wins face-off versus Mikael Backlund in Flames zone.
1:44 of 1st period - Slapshot by Steven Stamkos.
1:44 of 1st period - Stopped by Antti Niemi with a rebound.
1:53 of 1st period - Minor Penalty to Lance Bouma for Roughing.
1:54 of 1st period - Aleksander Barkov wins face-off versus Ryan Kesler in Flames zone.
2:16 of 1st period - Snap shot by Ryan Kesler.
2:16 of 1st period - Shot Misses the Net.
2:18 of 1st period - Snap shot by Blake Wheeler.
2:18 of 1st period - Goal by Blake Wheeler - Sabres : 1 - Flames : 0.
2:19 of 1st period - Aleksander Barkov wins face-off versus Sidney Crosby in neutral zone.
2:34 of 1st period - Backhand shot by Aleksander Barkov.
2:34 of 1st period - Stopped by Ondrej Pavelec with a rebound.
3:20 of 1st period - TJ Brodie is hit by Blake Wheeler.
3:42 of 1st period - Slapshot by Michael Frolik.
3:42 of 1st period - Shot Misses the Net.
3:53 of 1st period - Penalty to Lance Bouma is over, Lance Bouma is back on ice.
3:56 of 1st period - Gustav Nyquist is hit by Lance Bouma.
4:49 of 1st period - Sean Monahan is hit by Alex Pietrangelo and loses puck.
7:00 of 1st period - Snap shot by Chris Higgins.
7:00 of 1st period - Stopped by Antti Niemi with a rebound.
7:02 of 1st period - Wrist shot by Rasmus Ristolainen.
7:02 of 1st period - Deflect By Dwight King.
7:02 of 1st period - Shot Misses the Net.
7:02 of 1st period - Puck is out of play.
7:03 of 1st period - Matt Stajan wins face-off versus Aleksander Barkov in Flames zone.
7:30 of 1st period - Snap shot by Aleksander Barkov.
7:30 of 1st period - Shot Misses the Net.
7:32 of 1st period - Snap shot by Michael Frolik.
7:32 of 1st period - Deflect By Chris Kunitz.
7:32 of 1st period - Stopped by Ondrej Pavelec without a rebound.
7:33 of 1st period - Jason Spezza wins face-off versus Sidney Crosby in Sabres zone.
8:07 of 1st period - Minor Penalty to Blake Wheeler for Holding.
8:08 of 1st period - Boyd Gordon wins face-off versus Sean Monahan in Sabres zone.
8:54 of 1st period - Dwight King is hit by Dougie Hamilton and loses puck.
9:51 of 1st period - Brooks Orpik is hit by John Klingberg and loses puck.
10:07 of 1st period - Penalty to Blake Wheeler is over, Blake Wheeler is back on ice.
10:14 of 1st period - Wrist shot by Johnny Gaudreau.
10:14 of 1st period - Shot Misses the Net.
10:16 of 1st period - Snap shot by Sean Monahan.
10:16 of 1st period - Stopped by Ondrej Pavelec with a rebound.
10:18 of 1st period - Snap shot by David Savard.
10:18 of 1st period - Stopped by Ondrej Pavelec with a rebound.
10:20 of 1st period - Slapshot by David Savard.
10:20 of 1st period - Shot Misses the Net.
10:43 of 1st period - Brooks Orpik is hit by David Savard and loses puck.
11:09 of 1st period - Wrist shot by David Perron.
11:09 of 1st period - Shot Blocked by John Klingberg.
11:11 of 1st period - Slapshot by Jay Bouwmeester.
11:11 of 1st period - Stopped by Antti Niemi without a rebound.
11:12 of 1st period - Mikael Backlund wins face-off versus Matt Stajan in Flames zone.
11:18 of 1st period - Slapshot by TJ Brodie.
11:18 of 1st period - Stopped by Ondrej Pavelec with a rebound.
11:20 of 1st period - Snap shot by Mikael Backlund.
11:20 of 1st period - Shot Misses the Net.
11:22 of 1st period - Slapshot by Dougie Hamilton.
11:22 of 1st period - Deflect By Reilly Smith.
11:22 of 1st period - Stopped by Ondrej Pavelec without a rebound.
11:23 of 1st period - Ryan Kesler wins face-off versus Mikael Backlund in Sabres zone.
11:28 of 1st period - Slapshot by Benoit Pouliot.
11:28 of 1st period - Shot Blocked by Dougie Hamilton.
11:30 of 1st period - Minor Penalty to Dougie Hamilton for Interference.
11:31 of 1st period - Mikael Backlund wins face-off versus Sidney Crosby in Flames zone.
12:02 of 1st period - Slapshot by Sidney Crosby.
12:02 of 1st period - Goal by Sidney Crosby - Sabres : 2 - Flames : 0.
12:03 of 1st period - Jason Spezza wins face-off versus Ryan Kesler in neutral zone.
12:34 of 1st period - Snap shot by Benoit Pouliot.
12:34 of 1st period - Stopped by Antti Niemi without a rebound.
12:35 of 1st period - Mikael Backlund wins face-off versus Sidney Crosby in Flames zone.
13:06 of 1st period - Snap shot by Reilly Smith.
13:06 of 1st period - Stopped by Ondrej Pavelec without a rebound.
13:07 of 1st period - Matt Stajan wins face-off versus Aleksander Barkov in Sabres zone.
13:53 of 1st period - Benoit Pouliot is hit by Aleksander Barkov and loses puck.
14:16 of 1st period - Jaden Schwartz is hit by Benoit Pouliot and loses puck.
14:45 of 1st period - Slapshot by Blake Wheeler.
14:45 of 1st period - Shot Blocked by David Savard.
14:47 of 1st period - Slapshot by Alex Pietrangelo.
14:47 of 1st period - Deflect By Jason Spezza.
14:47 of 1st period - Stopped by Antti Niemi with a rebound.
14:49 of 1st period - Slapshot by Brooks Orpik.
14:49 of 1st period - Shot Misses the Net.
14:51 of 1st period - Slapshot by Brooks Orpik.
14:51 of 1st period - Shot Blocked by Jaden Schwartz.
15:21 of 1st period - Wrist shot by Chris Higgins.
15:21 of 1st period - Shot Blocked by Jason Pominville.
15:23 of 1st period - Slapshot by Dwight King.
15:23 of 1st period - Shot Blocked by Dougie Hamilton.
16:00 of 1st period - Icing by Rasmus Ristolainen.
16:01 of 1st period - Boyd Gordon wins face-off versus Mikael Backlund in Sabres zone.
16:33 of 1st period - Minor Penalty to Reilly Smith for Holding Stick.
16:34 of 1st period - Sidney Crosby wins face-off versus Aleksander Barkov in Flames zone.
16:40 of 1st period - Snap shot by Sidney Crosby.
16:40 of 1st period - Goal by Sidney Crosby - Sabres : 3 - Flames : 0.
16:41 of 1st period - Ryan Kesler wins face-off versus Sean Monahan in neutral zone.
17:07 of 1st period - Minor Penalty to Steven Stamkos for Delaying the game.
17:08 of 1st period - Boyd Gordon wins face-off versus Jason Spezza in Sabres zone.
17:12 of 1st period - Minor Penalty to Ryan Murray for Close Hand On Puck.
17:13 of 1st period - Sidney Crosby wins face-off versus Martin St. Louis in Flames zone.
17:17 of 1st period - Wrist shot by Sidney Crosby.
17:17 of 1st period - Shot Misses the Net.
17:19 of 1st period - Snap shot by Alec Martinez.
17:19 of 1st period - Shot Blocked by Dougie Hamilton.
17:51 of 1st period - Wrist shot by Gustav Nyquist.
17:51 of 1st period - Stopped by Antti Niemi with a rebound.
18:26 of 1st period - Snap shot by Sean Monahan.
18:26 of 1st period - Stopped by Ondrej Pavelec with a rebound.
18:28 of 1st period - Snap shot by Brian Campbell.
18:28 of 1st period - Shot Misses the Net.
18:34 of 1st period - Slapshot by Johnny Gaudreau.
18:34 of 1st period - Shot Blocked by Alec Martinez.
18:36 of 1st period - Slapshot by John Klingberg.
18:36 of 1st period - Shot Blocked by Alec Martinez.
18:38 of 1st period - Snap shot by Brian Campbell.
18:38 of 1st period - Shot Misses the Net.
19:07 of 1st period - Penalty to Steven Stamkos is over, Steven Stamkos is back on ice.
19:09 of 1st period - Slapshot by Blake Wheeler.
19:09 of 1st period - Shot Hit the Post.
19:12 of 1st period - Penalty to Ryan Murray is over, Ryan Murray is back on ice.
19:23 of 1st period - Snap shot by Chris Kunitz.
19:23 of 1st period - Stopped by Ondrej Pavelec with a rebound.
19:25 of 1st period - Wrist shot by Aleksander Barkov.
19:25 of 1st period - Deflect By Michael Frolik.
19:25 of 1st period - Stopped by Ondrej Pavelec with a rebound.
19:27 of 1st period - Snap shot by Michael Frolik.
19:27 of 1st period - Shot Blocked by Ryan Kesler.
19:54 of 1st period - Icing by Michael Frolik.
19:55 of 1st period - Boyd Gordon wins face-off versus Aleksander Barkov in Flames zone.
19:56 of 1st period - Slapshot by Alex Pietrangelo.
19:56 of 1st period - Stopped by Antti Niemi with a rebound.
Goals for this period are 3 for Sabres vs 0 for Flames.
Shots for this period are 10 for Sabres vs 10 for Flames.

2nd period


0:01 of 2nd period - Sidney Crosby wins face-off versus Jason Spezza in neutral zone.
0:07 of 2nd period - Icing by TJ Brodie.
0:08 of 2nd period - Jason Spezza wins face-off versus Sidney Crosby in Flames zone.
2:38 of 2nd period - Wrist shot by Dwight King.
2:38 of 2nd period - Stopped by Antti Niemi without a rebound.
2:39 of 2nd period - Aleksander Barkov wins face-off versus Boyd Gordon in Flames zone.
2:47 of 2nd period - Minor Penalty to Boyd Gordon for Tripping.
2:48 of 2nd period - Benoit Pouliot wins face-off versus Jason Spezza in Sabres zone.
3:00 of 2nd period - Snap shot by Benoit Pouliot.
3:00 of 2nd period - Shot Misses the Net.
3:50 of 2nd period - John Klingberg is hit by Brooks Orpik and loses puck.
4:47 of 2nd period - Penalty to Boyd Gordon is over, Boyd Gordon is back on ice.
4:52 of 2nd period - Boyd Gordon is hit by John Klingberg and loses puck.
5:19 of 2nd period - Mikael Backlund is hit by Blake Wheeler and loses puck.
5:45 of 2nd period - Minor Penalty to Mikael Backlund for High sticking.
5:46 of 2nd period - Aleksander Barkov wins face-off versus Steven Stamkos in Flames zone.
6:27 of 2nd period - Snap shot by Reilly Smith.
6:27 of 2nd period - Shot Blocked by Rasmus Ristolainen.
6:29 of 2nd period - Snap shot by Lance Bouma.
6:29 of 2nd period - Deflect By Blake Wheeler.
6:29 of 2nd period - Shot Misses the Net.
6:29 of 2nd period - Puck is out of play.
6:30 of 2nd period - Ryan Kesler wins face-off versus Reilly Smith in Sabres zone.
6:42 of 2nd period - Snap shot by Ryan Kesler.
6:42 of 2nd period - Deflect By Benoit Pouliot.
6:42 of 2nd period - Deflect By Brian Campbell.
6:42 of 2nd period - Shot Blocked by Lance Bouma.
6:42 of 2nd period - Puck is out of play.
6:43 of 2nd period - Aleksander Barkov wins face-off versus Sidney Crosby in Flames zone.
6:52 of 2nd period - Snap shot by Lance Bouma.
6:52 of 2nd period - Deflect By Reilly Smith.
6:52 of 2nd period - Stopped by Ondrej Pavelec with a rebound.
6:58 of 2nd period - Slapshot by Brian Campbell.
6:58 of 2nd period - Shot Misses the Net.
7:26 of 2nd period - Alex Pietrangelo is hit by Michael Frolik and loses puck.
7:45 of 2nd period - Penalty to Mikael Backlund is over, Mikael Backlund is back on ice.
7:55 of 2nd period - Snap shot by Reilly Smith.
7:55 of 2nd period - Stopped by Ondrej Pavelec with a rebound.
7:57 of 2nd period - Slapshot by TJ Brodie.
7:57 of 2nd period - Shot Misses the Net.
8:30 of 2nd period - Snap shot by David Perron.
8:30 of 2nd period - Stopped by Antti Niemi with a rebound.
8:32 of 2nd period - Snap shot by Matt Stajan.
8:32 of 2nd period - Stopped by Antti Niemi with a rebound.
8:40 of 2nd period - Wrist shot by Pierre-Alexandre Parenteau.
8:40 of 2nd period - Shot Blocked by David Savard.
8:50 of 2nd period - Minor Penalty to TJ Brodie for Interference.
8:51 of 2nd period - Aleksander Barkov wins face-off versus Sidney Crosby in Flames zone.
8:56 of 2nd period - Sidney Crosby is hit by Brian Campbell and loses puck.
9:05 of 2nd period - Snap shot by Aleksander Barkov.
9:05 of 2nd period - Shot Blocked by Rasmus Ristolainen.
9:18 of 2nd period - Minor Penalty to Sidney Crosby for Tripping.
9:19 of 2nd period - Sean Monahan wins face-off versus Gustav Nyquist in Sabres zone.
9:57 of 2nd period - Alex Pietrangelo is hit by Johnny Gaudreau and loses puck.
10:25 of 2nd period - Slapshot by Martin St. Louis.
10:25 of 2nd period - Shot Blocked by Alex Pietrangelo.
10:27 of 2nd period - Slapshot by Dougie Hamilton.
10:27 of 2nd period - Stopped by Ondrej Pavelec with a rebound.
10:29 of 2nd period - Slapshot by Dougie Hamilton.
10:29 of 2nd period - Stopped by Ondrej Pavelec with a rebound.
10:31 of 2nd period - Snap shot by Martin St. Louis.
10:31 of 2nd period - Stopped by Ondrej Pavelec without a rebound.
10:32 of 2nd period - Jason Spezza wins face-off versus Blake Wheeler in Sabres zone.
10:50 of 2nd period - Penalty to TJ Brodie is over, TJ Brodie is back on ice.
11:18 of 2nd period - Penalty to Sidney Crosby is over, Sidney Crosby is back on ice.
11:26 of 2nd period - Slapshot by Jaden Schwartz.
11:26 of 2nd period - Stopped by Ondrej Pavelec with a rebound.
11:28 of 2nd period - Slapshot by Ryan Murray.
11:28 of 2nd period - Stopped by Ondrej Pavelec without a rebound.
11:29 of 2nd period - Jason Spezza wins face-off versus Sidney Crosby in Sabres zone.
11:44 of 2nd period - Minor Penalty to Brooks Orpik for Roughing.
11:45 of 2nd period - Sean Monahan wins face-off versus Dwight King in Sabres zone.
11:46 of 2nd period - Snap shot by Johnny Gaudreau.
11:46 of 2nd period - Shot Misses the Net.
12:00 of 2nd period - Snap shot by Martin St. Louis.
12:00 of 2nd period - Stopped by Ondrej Pavelec with a rebound.
12:02 of 2nd period - Slapshot by Brian Campbell.
12:02 of 2nd period - Stopped by Ondrej Pavelec without a rebound.
12:03 of 2nd period - Ryan Kesler wins face-off versus Sean Monahan in Sabres zone.
12:16 of 2nd period - Snap shot by Johnny Gaudreau.
12:16 of 2nd period - Shot Blocked by Jay Bouwmeester.
12:18 of 2nd period - Wrist shot by Martin St. Louis.
12:18 of 2nd period - Shot Misses the Net.
12:20 of 2nd period - Slapshot by Dougie Hamilton.
12:20 of 2nd period - Stopped by Ondrej Pavelec without a rebound.
12:21 of 2nd period - Jason Spezza wins face-off versus Boyd Gordon in Sabres zone.
12:24 of 2nd period - Wrist shot by Jaden Schwartz.
12:24 of 2nd period - Shot Misses the Net.
13:44 of 2nd period - Penalty to Brooks Orpik is over, Brooks Orpik is back on ice.
14:07 of 2nd period - Brian Campbell is hit by Ryan Kesler and loses puck.
14:28 of 2nd period - Wrist shot by Blake Wheeler.
14:28 of 2nd period - Shot Blocked by Brian Campbell.
14:34 of 2nd period - Snap shot by Blake Wheeler.
14:34 of 2nd period - Stopped by Antti Niemi with a rebound.
14:59 of 2nd period - Off-side.
15:00 of 2nd period - Mikael Backlund wins face-off versus Matt Stajan in neutral zone.
15:05 of 2nd period - Wrist shot by Mikael Backlund.
15:05 of 2nd period - Shot Blocked by Alec Martinez.
15:13 of 2nd period - Lance Bouma is hit by Pierre-Alexandre Parenteau and loses puck.
15:18 of 2nd period - Wrist shot by David Perron.
15:18 of 2nd period - Shot Misses the Net.
15:26 of 2nd period - Snap shot by David Perron.
15:26 of 2nd period - Stopped by Antti Niemi without a rebound.
15:27 of 2nd period - Sean Monahan wins face-off versus Ryan Kesler in Flames zone.
15:34 of 2nd period - Brooks Orpik is hit by Jason Pominville and loses puck.
15:51 of 2nd period - Brooks Orpik is hit by John Klingberg and loses puck.
15:58 of 2nd period - TJ Brodie is hit by Brooks Orpik and loses puck.
16:09 of 2nd period - John Klingberg is hit by Rasmus Ristolainen and loses puck.
16:10 of 2nd period - John Klingberg from Flames is injured at 16:10 of 2nd period (Sprained Right Knee).
16:11 of 2nd period - Jason Spezza wins face-off versus Sidney Crosby in Flames zone.
16:38 of 2nd period - Wrist shot by Martin St. Louis.
16:38 of 2nd period - Stopped by Ondrej Pavelec with a rebound.
16:40 of 2nd period - Snap shot by Ryan Murray.
16:40 of 2nd period - Stopped by Ondrej Pavelec without a rebound.
16:41 of 2nd period - Ryan Kesler wins face-off versus Aleksander Barkov in Sabres zone.
16:41 of 2nd period - Ryan Kesler is hit by David Savard.
16:49 of 2nd period - Wrist shot by Aleksander Barkov.
16:49 of 2nd period - Stopped by Ondrej Pavelec without a rebound.
16:50 of 2nd period - Ryan Kesler wins face-off versus Aleksander Barkov in Sabres zone.
17:13 of 2nd period - Snap shot by Ryan Kesler.
17:13 of 2nd period - Stopped by Antti Niemi without a rebound.
17:14 of 2nd period - Sidney Crosby wins face-off versus Jason Spezza in Flames zone.
17:17 of 2nd period - Snap shot by Blake Wheeler.
17:17 of 2nd period - Shot Blocked by Jason Spezza.
17:25 of 2nd period - Snap shot by Blake Wheeler.
17:25 of 2nd period - Shot Misses the Net.
19:14 of 2nd period - Minor Penalty to David Savard for Tripping.
19:15 of 2nd period - Mikael Backlund wins face-off versus Sidney Crosby in Flames zone.
Goals for this period are 0 for Sabres vs 0 for Flames.
Shots for this period are 6 for Sabres vs 13 for Flames.

3rd period


0:01 of 3rd period - Sidney Crosby wins face-off versus Aleksander Barkov in neutral zone.
0:22 of 3rd period - Slapshot by Sidney Crosby.
0:22 of 3rd period - Stopped by Antti Niemi with a rebound.
0:24 of 3rd period - Snap shot by Alec Martinez.
0:24 of 3rd period - Deflect By Brian Campbell.
0:24 of 3rd period - Stopped by Antti Niemi without a rebound.
0:25 of 3rd period - Ryan Kesler wins face-off versus Mikael Backlund in Flames zone.
1:14 of 3rd period - Penalty to David Savard is over, David Savard is back on ice.
1:34 of 3rd period - Slapshot by Sidney Crosby.
1:34 of 3rd period - Shot Misses the Net.
1:50 of 3rd period - Snap shot by David Perron.
1:50 of 3rd period - Stopped by Antti Niemi without a rebound.
1:51 of 3rd period - Jaden Schwartz wins face-off versus Pierre-Alexandre Parenteau in Flames zone.
1:51 of 3rd period - Jaden Schwartz is hit by Brooks Orpik.
2:37 of 3rd period - Boyd Gordon is hit by Jason Pominville and loses puck.
2:46 of 3rd period - Slapshot by Chris Higgins.
2:46 of 3rd period - Shot Blocked by Ryan Murray.
2:48 of 3rd period - Slapshot by Boyd Gordon.
2:48 of 3rd period - Shot Blocked by Ryan Murray.
2:54 of 3rd period - Slapshot by Chris Higgins.
2:54 of 3rd period - Stopped by Antti Niemi with a rebound.
2:56 of 3rd period - Wrist shot by Alec Martinez.
2:56 of 3rd period - Deflect By Chris Higgins.
2:56 of 3rd period - Shot Blocked by Sean Monahan.
2:56 of 3rd period - Puck is out of play.
2:57 of 3rd period - Mikael Backlund wins face-off versus Ryan Kesler in Flames zone.
2:57 of 3rd period - Mikael Backlund is hit by Steven Stamkos.
3:05 of 3rd period - Snap shot by Steven Stamkos.
3:05 of 3rd period - Shot Misses the Net.
3:07 of 3rd period - Snap shot by Alec Martinez.
3:07 of 3rd period - Shot Misses the Net.
3:09 of 3rd period - Backhand shot by Steven Stamkos.
3:09 of 3rd period - Shot Blocked by TJ Brodie.
3:31 of 3rd period - Slapshot by Steven Stamkos.
3:31 of 3rd period - Stopped by Antti Niemi without a rebound.
3:32 of 3rd period - Sidney Crosby wins face-off versus Aleksander Barkov in Flames zone.
3:39 of 3rd period - Snap shot by Blake Wheeler.
3:39 of 3rd period - Shot Misses the Net.
3:41 of 3rd period - Snap shot by Blake Wheeler.
3:41 of 3rd period - Stopped by Antti Niemi with a rebound.
3:43 of 3rd period - Wrist shot by Jay Bouwmeester.
3:43 of 3rd period - Shot Blocked by Dougie Hamilton.
3:45 of 3rd period - Slapshot by Jay Bouwmeester.
3:45 of 3rd period - Stopped by Antti Niemi with a rebound.
3:50 of 3rd period - Minor Penalty to Dougie Hamilton for Boarding.
3:51 of 3rd period - Aleksander Barkov wins face-off versus Sidney Crosby in Flames zone.
4:45 of 3rd period - Snap shot by Blake Wheeler.
4:45 of 3rd period - Goal by Blake Wheeler - Sabres : 4 - Flames : 0.
4:46 of 3rd period - Matt Stajan wins face-off versus Jason Spezza in neutral zone.
5:01 of 3rd period - Wrist shot by David Perron.
5:01 of 3rd period - Stopped by Antti Niemi without a rebound.
5:02 of 3rd period - Jason Spezza wins face-off versus Matt Stajan in Flames zone.
5:17 of 3rd period - Snap shot by Martin St. Louis.
5:17 of 3rd period - Stopped by Ondrej Pavelec with a rebound.
5:23 of 3rd period - Wrist shot by Martin St. Louis.
5:23 of 3rd period - Stopped by Ondrej Pavelec with a rebound.
5:25 of 3rd period - Snap shot by Dougie Hamilton.
5:25 of 3rd period - Shot Blocked by Matt Stajan.
6:10 of 3rd period - Wrist shot by Michael Frolik.
6:10 of 3rd period - Deflect By Chris Kunitz.
6:10 of 3rd period - Shot Misses the Net.
6:10 of 3rd period - Puck is out of play.
6:11 of 3rd period - Ryan Kesler wins face-off versus Sean Monahan in Sabres zone.
6:29 of 3rd period - Minor Penalty to Steven Stamkos for Tripping.
6:30 of 3rd period - Sean Monahan wins face-off versus Ryan Kesler in Sabres zone.
6:34 of 3rd period - Slapshot by Sean Monahan.
6:34 of 3rd period - Stopped by Ondrej Pavelec with a rebound.
6:36 of 3rd period - Slapshot by Dougie Hamilton.
6:36 of 3rd period - Deflect By Ryan Kesler.
6:36 of 3rd period - Stopped by Ondrej Pavelec without a rebound.
6:37 of 3rd period - Ryan Kesler wins face-off versus Sean Monahan in Sabres zone.
7:31 of 3rd period - Ryan Kesler is hit by Jaden Schwartz and loses puck.
7:36 of 3rd period - Snap shot by Jason Spezza.
7:36 of 3rd period - Stopped by Ondrej Pavelec without a rebound.
7:37 of 3rd period - Jason Spezza wins face-off versus Ryan Kesler in Sabres zone.
8:29 of 3rd period - Penalty to Steven Stamkos is over, Steven Stamkos is back on ice.
8:43 of 3rd period - Jay Bouwmeester is hit by David Savard and loses puck.
8:52 of 3rd period - Wrist shot by Reilly Smith.
8:52 of 3rd period - Deflect By Lance Bouma.
8:52 of 3rd period - Shot Blocked by Jay Bouwmeester.
8:52 of 3rd period - Puck is out of play.
8:53 of 3rd period - Mikael Backlund wins face-off versus Sidney Crosby in Sabres zone.
8:54 of 3rd period - Slapshot by Reilly Smith.
8:54 of 3rd period - Shot Misses the Net.
10:20 of 3rd period - Michael Frolik is hit by Ryan Kesler and loses puck.
10:33 of 3rd period - Slapshot by Martin St. Louis.
10:33 of 3rd period - Deflect By Jay Bouwmeester.
10:33 of 3rd period - Stopped by Ondrej Pavelec with a rebound.
11:25 of 3rd period - Alec Martinez is hit by Sean Monahan.
11:45 of 3rd period - Alex Pietrangelo is hit by Jason Pominville and loses puck.
11:58 of 3rd period - Brooks Orpik is hit by David Savard and loses puck.
12:05 of 3rd period - Snap shot by Reilly Smith.
12:05 of 3rd period - Shot Blocked by Brooks Orpik.
12:07 of 3rd period - Snap shot by Reilly Smith.
12:07 of 3rd period - Shot Misses the Net.
12:09 of 3rd period - Snap shot by Reilly Smith.
12:09 of 3rd period - Shot Blocked by Brooks Orpik.
12:11 of 3rd period - Wrist shot by Dougie Hamilton.
12:11 of 3rd period - Deflect By Alex Pietrangelo.
12:11 of 3rd period - Stopped by Ondrej Pavelec without a rebound.
12:12 of 3rd period - Sidney Crosby wins face-off versus Jaden Schwartz in Sabres zone.
12:19 of 3rd period - Wrist shot by Blake Wheeler.
12:19 of 3rd period - Stopped by Antti Niemi with a rebound.
12:21 of 3rd period - Snap shot by Gustav Nyquist.
12:21 of 3rd period - Shot Misses the Net.
12:23 of 3rd period - Slapshot by Nikita Zadorov.
12:23 of 3rd period - Stopped by Antti Niemi with a rebound.
13:55 of 3rd period - Off-side.
13:56 of 3rd period - Sean Monahan wins face-off versus Matt Stajan in neutral zone.
13:59 of 3rd period - Matt Stajan is hit by Dougie Hamilton and loses puck.
14:26 of 3rd period - Johnny Gaudreau is hit by Alex Pietrangelo and loses puck.
14:40 of 3rd period - Icing by Dougie Hamilton.
14:41 of 3rd period - Sidney Crosby wins face-off versus Sean Monahan in Flames zone.
15:32 of 3rd period - Dougie Hamilton is hit by Blake Wheeler and loses puck.
16:25 of 3rd period - Ryan Kesler is hit by Jaden Schwartz and loses puck.
17:17 of 3rd period - Icing by Matt Stajan.
17:18 of 3rd period - Matt Stajan wins face-off versus Aleksander Barkov in Sabres zone.
17:23 of 3rd period - Michael Frolik is hit by Nikita Zadorov and loses puck.
17:30 of 3rd period - Snap shot by Matt Stajan.
17:30 of 3rd period - Shot Misses the Net.
17:32 of 3rd period - Wrist shot by Rasmus Ristolainen.
17:32 of 3rd period - Stopped by Antti Niemi with a rebound.
17:50 of 3rd period - Matt Stajan is hit by Chris Kunitz and loses puck.
18:11 of 3rd period - Alex Pietrangelo is hit by Jason Pominville and loses puck.
19:13 of 3rd period - Nikita Zadorov is hit by Lance Bouma and loses puck.
19:58 of 3rd period - Dougie Hamilton is hit by Benoit Pouliot.
Goals for this period are 1 for Sabres vs 0 for Flames.
Shots for this period are 12 for Sabres vs 7 for Flames.